AoeStats
← Mox Gamer4567

Arena

511008104Analyzed
1v1 RM · 9h ago on Oct 3, 2026· 49m 45s· 2 players
Game mode
Random Map
Map size
Tiny (2 player)
Population
200
Speed
Normal
Resources
Standard
Victory
Conquest
Starting age
Dark Age
Ending age
Imperial Age
RankedLock teamsTeams togetherTeam positionsShared explorationLock speedFull tech treeHidden civsTurbo modeCheats
Victory
Defeat
🇪🇸 Vietnamese · Spain
352
+17
🇫🇷 Britons · France
365
-17
Mox Gamer4567
1:02 Loom
14:03 Feudal Age
14:32 Double-Bit Axe
14:41 Horse Collar
15:11 Man-at-Arms
16:25 Scale Mail Armor
16:39 Forging
16:42 Town Watch
17:31 Stone Mining
18:38 Gold Mining
20:37 Fletching
21:47 Scale Barding Armor
23:08 Bloodlines
23:20 Bloodlines
27:41 Castle Age
28:32 Bodkin Arrow
28:58 Chain Barding Armor
29:14 Iron Casting
28:54 Bow Saw
28:27 Light Cavalry
29:10 Husbandry
32:19 Pikeman
34:23 Elite Skirmisher
36:06 Heavy Plow
37:33 Stone Shaft Mining
38:54 Wheelbarrow
38:26 Scale Mail Armor
38:47 Chatras
42:06 Hand Cart
45:41 Imperial Age
44:29 Town Patrol
47:13 Cavalier
47:19 Elite Battle Elephant
49:38 Chemistry
48:27 Arrowslits
48:38 Murder Holes
49:00 Imperial Skirmisher
luis.dessaint03
11:44 Feudal Age
13:01 Double-Bit Axe
13:12 Horse Collar
17:45 Castle Age
17:07 Gold Mining
18:09 Man-at-Arms
19:02 Padded Archer Armor
19:57 Stone Mining
21:17 Crossbowman
23:28 Ballistics
25:46 Heated Shot
28:06 Arson
28:32 Heavy Plow
29:26 Leather Archer Armor
29:10 Long Swordsman
31:14 Pikeman
35:43 Gold Shaft Mining
37:43 Imperial Age
35:38 Bow Saw
37:49 Capped Ram
Connection lost

Rejoining the realm…

Still unreachable

The connection could not be restored.

Session expired

The server has moved on; the page needs a fresh start.